 Dungeon Crawl Stone Soup version 0.25.0-1-g7eea58d (webtiles) character file.

Game seed: 8279425581324724506

115336 Helmschank the Bludgeoner (level 16, -5/143 HPs)
             Began as a Minotaur Fighter on June 13, 2020.
             Was the Champion of the Shining One.
             Slain by a redback (6 damage)
             ... on level 1 of the Spider Nest.
             The game lasted 02:04:10 (29312 turns).

Helmschank the Bludgeoner (Minotaur Fighter)       Turns: 29312, Time: 02:04:10

Health: -5/143     AC: 10    Str: 38    XL:     16   Next: 18%
Magic:  25/25      EV:  9    Int:  9    God:    the Shining One [******]
Gold:   2465       SH:  0    Dex: 14    Spells: 15/15 levels left

rFire    + . .     SeeInvis .   a - +0 whip "Koheykh" {freeze, +Rage rC+ MR+}
rCold    + . .     Gourm    .   k - +3 kite shield
rNeg     + + +     Faith    .   X - +3 scale mail {rF+}
rPois    +         Spirit   .   M - +2 hat {MR+}
rElec    .         Reflect  .   (no cloak)
rCorr    .         Harm     .   u - +0 pair of gloves
MR       +++..                  q - +1 pair of boots
Stlth    ..........             n - amulet of regeneration
HPRegen  0.73/turn              h - +4 ring of slaying
MPRegen  0.19/turn              e - ring "Hyisocva" {rPois Str+10 Int+4 Dex+4}

@: confused, corroded, held, hasted and slowed, glowing
A: retaliatory headbutt, horns 2
a: Divine Shield, Cleansing Flame, Summon Divine Warrior, Brand Weapon With Holy
Wrath, Renounce Religion, Evoke Berserk Rage


You were on level 1 of the Spider Nest.
You worshipped the Shining One.
The Shining One was exalted by your worship.
You were not hungry.

You visited 5 branches of the dungeon, and saw 25 of its levels.
You also visited: Ice Cave.

You collected 2575 gold pieces.
You spent 110 gold pieces at shops.

Inventory:

Hand Weapons
 a - the +0 whip "Koheykh" (weapon) {freeze, +Rage rC+ MR+}
   (You found it on level 6 of the Dungeon)

   It has been specially enchanted to freeze those struck by it, causing extra
   injury to most foes and up to half again as much damage against particularly
   susceptible opponents.
   It can also slow down cold-blooded creatures.
   It protects you from cold.
   It affects your resistance to hostile enchantments.
   It lets you go berserk.
 b - a +0 morningstar
 Y - a +2 flail of protection
Missiles
 x - a throwing net
 C - 2 curare-tipped darts
 F - 3 atropa-tipped darts
 G - 22 boomerangs
 P - 101 poisoned darts
 U - 412 stones (quivered)
Armour
 k - a +3 kite shield (worn)
 q - a +1 pair of boots (worn)
 u - a +0 pair of gloves (worn)
 M - a +2 hat of magic resistance (worn)
 Q - a +0 plate armour
 X - a +3 scale mail of fire resistance (worn)
Jewellery
 e - the ring "Hyisocva" (right hand) {rPois Str+10 Int+4 Dex+4}
   (You acquired it on level 3 of the Lair of Beasts)

   [ring of intelligence]

   It affects your strength (+10).
   It affects your intelligence (+4).
   It affects your dexterity (+4).
   It protects you from poison.
 h - a +4 ring of slaying (left hand)
 n - an amulet of regeneration (around neck)
 p - an uncursed amulet of magic regeneration
 s - an uncursed ring of fire
 A - an uncursed ring of flight
 R - an uncursed ring of protection from cold
Wands
 v - a wand of flame (53)
 H - a wand of acid (9)
 J - a wand of iceblast (8)
Scrolls
 l - 7 scrolls of fog
 m - 6 scrolls of teleportation
 y - a scroll of blinking
 z - 11 scrolls of identify
 K - 3 scrolls of remove curse
 T - 2 scrolls of magic mapping
 V - 2 scrolls of fear
Potions
 c - 2 potions of magic
 d - 5 potions of might
 g - 4 potions of lignification
 r - 5 potions of curing
 t - 2 potions of heal wounds
 w - 3 potions of flight
 B - 2 potions of resistance
 D - 4 potions of brilliance
 L - 2 potions of mutation
 N - a potion of haste
Miscellaneous
 i - a tin of tremorstones (3/3)
 O - a phantom mirror
Comestibles
 f - 30 rations


   Skills:
 - Level 13.0 Fighting
 - Level 16.0 Maces & Flails
 - Level 9.0 Throwing
 - Level 12.0 Armour
 - Level 11.0 Dodging
 - Level 12.0 Shields
 + Level 13.6 Invocations
 - Level 5.0 Evocations


You had 15 spell levels left.
You didn't know any spells.
Your spell library contained the following spells:

 Spells                   Type           Power        Failure   Level  Hunger
 Animate Skeleton         Necr           N/A          67%         1    ##.....
 Apportation              Tloc           #.....       67%         1    ##.....
 Corona                   Hex            #......      67%         1    ##.....
 Sandblast                Erth           #.....       67%         1    ##.....
 Sting                    Tmut/Pois      #...         67%         1    ##.....
 Summon Small Mammal      Summ           #...         67%         1    ##.....
 Passwall                 Tmut/Erth      #.......     80%         2    ###....
 Poisonous Vapours        Pois/Air       #.....       80%         2    ###....
 Sublimation of Blood     Necr           #.........   80%         2    ###....
 Ignite Poison            Fire/Tmut/Pois #.......     95%         3    ####...
 Mephitic Cloud           Conj/Pois/Air  #.......     95%         3    ####...
 Stone Arrow              Conj/Erth      #.....       95%         3    ####...
 Olgreb's Toxic Radiance  Pois           #.......     100%        4    #####..
 Petrify                  Tmut/Erth      #.......     100%        4    #####..
 Alistair's Intoxication  Tmut/Pois      #.......     100%        5    ######.
 Irradiate                Conj/Tmut      #.........   100%        5    ######.
 Lee's Rapid Deconstruct  Erth           #.........   100%        5    ######.
 Eringya's Noxious Bog    Tmut/Pois      #.........   100%        6    #######


Dungeon Overview and Level Annotations

Branches:
Dungeon (15/15)            Temple (1/1) D:7            Lair (6/6) D:8
 Shoals (0/4) Lair:4       Spider (1/4) Lair:2        Slime (0/5) Lair:5
    Orc (2/2) D:12            Elf (0/3) Orc:2        Vaults (0/5) D:14
 Depths (0/5) D:15          IceCv (visited)

Altars:
Ashenzari
Cheibriados
Dithmenos
Elyvilon
Fedhas
Gozag
Hepliaklqana
Kikubaaqudgha
Makhleb
Nemelex Xobeh
Okawaru
Qazlal
Ru
Sif Muna
Trog
Uskayaw
Vehumet
Wu Jian
Xom
Yredelemnul
Zin
The Shining One
Beogh
Jiyva

Shops:
D:4 }?%   D:5 :   Orc:1 *   Orc:2 [(*=

Annotations:
D:7 2 transporters, howech's ghost, novice TrBe
Lair:1 3 runed translucent doors, Kaece's ghost, novice TeFE; Noni Ullai's ghost, journeyman GnWr; Olid's ghost, journeyman DrCj; barney's ghost, journeyman DrTm
Lair:4 3 runed translucent doors, Murgh's ghost, journeyman MiBe
Lair:5 1 runed translucent door, exclusion: 2 oklob plants, Myro's ghost, journeyman HOFi
Lair:6 exclusion: oklob plant
Orc:1 1 runed translucent door, Dootley's ghost, journeyman FoFi


Innate Abilities, Weirdness & Mutations

You reflexively headbutt those who attack you in melee.
You have a pair of horns on your head.


Message History

Evoke which item? (* to show all) (? for menu, Esc to quit)
Okay, then.
Okay, then.
Unknown command.
You feel yourself speed up. The redback bites you!
* * * LOW HITPOINT WARNING * * *
The jumping spider pounces on you!
* * * LOW HITPOINT WARNING * * *
The jumping spider bites you.
* * * LOW HITPOINT WARNING * * *
The redback completely misses you. The tarantella closely misses you.
The entropy weaver hits you.
* * * LOW HITPOINT WARNING * * *
The entropy weaver barely misses you.
The entropy weaver hits you but does no damage.
The entropy weaver barely misses you. The wolf spider hits you!!
* * * LOW HITPOINT WARNING * * *
The wolf spider bites you but does no damage.
The redback bites you.
You die...

##...###
######...^#.##
.#.#...........
...^...........
....s....).....
..........s....
......sss......
#?sw@s°^^...
....?†ass......
.....#.s......#
.... ...s.(....
... ...........
.. ............
. .(...........
..............


You could see an entropy weaver, a torpor snail, a wolf spider, 3 orb spiders, 2
jumping spiders, 2 tarantellas and 3 redbacks.

Vanquished Creatures
  Rupert (D:13)
  Frances (D:13)
  An orc warlord (Orc:2)
  Azrael (D:12)
  2 ogre magi
  A fire dragon (D:15)
  Fannar (Lair:2)
  3 vault guards (D:14)
  6 hydras
  A centaur warrior (D:13)
  14 two-headed ogres
  A death yak (Lair:5)
  2 orc high priests
  11 skeletal warriors
  3 unseen horrors
  A harpy (shapeshifter) (D:12)
  A necromancer (IceCv)
  4 orc knights
  3 manticores
  2 deep elf magi (D:15)
  2 wolf spiders (Lair:2)
  5 orc sorcerers
  A cyclops (D:14)
  6 slime creatures
  3 ugly things
  15 elephants
  2 torpor snails
  2 ice statues
  A naga mage (D:15)
  8 black mambas
  2 gargoyles
  Joseph (D:9)
  25 spiny frogs
  2 kobold demonologists
  An efreet (D:15)
  3 demonic crawlers (Lair:2)
  10 freezing wraiths (IceCv)
  9 komodo dragons
  3 tyrant leeches (Lair:6)
  A polar bear (Lair:4)
  12 trolls
  3 jumping spiders (Lair:2)
  A hornet (D:7)
  37 blink frogs
  8 hippogriffs
  A meliai zombie (D:15)
  14 redbacks
  6 tarantellas (Spider:1)
  4 wyverns
  A wraith (D:12)
  34 yaks
  2 fire elementals (D:12)
  9 humans (D:14)
  A steam dragon (D:9)
  4 basilisks
  13 vampire mosquitoes
  5 hungry ghosts
  5 wargs
  A soldier ant (D:12)
  A two-headed ogre zombie (Orc:1)
  15 water moccasins
  4 hell hounds (D:12)
  5 porcupines
  A black bear (D:13)
  17 ice beasts
  3 phantoms
  38 orc warriors
  7 sky beasts
  An eye of draining (D:15)
  9 wolves
  7 centaurs
  27 ogres
  8 crocodiles
  A big kobold (D:13)
  28 bullfrogs
  A wyvern zombie (D:12)
  A gnoll sergeant (D:10)
  9 scorpions
  A troll zombie (D:12)
  11 killer bees
  2 swamp dragon simulacra (IceCv)
  8 wights
  3 electric eels
  11 howler monkeys
  3 centaur zombies
  4 crimson imps
  8 jellies
  A quasit (D:7)
  2 draconian simulacra (IceCv)
  9 hounds
  8 centaur skeletons
  19 orc priests
  21 orc wizards
  2 bullfrog skeletons
  5 iguanas
  A polar bear simulacrum (IceCv)
  7 troll simulacra (IceCv)
  5 worker ants
  A wolf simulacrum (IceCv)
  3 centaur simulacra (IceCv)
  8 ogre zombies
  A hound zombie (D:6)
  2 hound skeletons
  20 adders
  8 gnolls
  2 naga simulacra (IceCv)
  6 ogre simulacra (IceCv)
  12 white imps (IceCv)
  6 oozes
  An adder zombie (D:8)
  2 adder skeletons
  3 worms
  3 dart slugs
  3 leopard geckos
  128 orcs
  A ball python (D:2)
  7 bats
  3 giant cockroaches (D:1)
  8 goblins
  6 hobgoblins
  10 jackals
  15 kobolds
  9 quokkas
  5 frilled lizards
  A goblin skeleton (D:12)
  3 hobgoblin skeletons (D:12)
  A hobgoblin zombie (D:12)
  A leopard gecko skeleton (D:7)
  A leopard gecko zombie (D:7)
  An orc skeleton (D:12)
  19 orc zombies (D:12)
  A quokka skeleton (D:6)
  5 rats
  3 butterflies (Lair:6)
946 creatures vanquished.

Vanquished Creatures (others)
  An iguana (D:5)
  2 adders (D:5)
  A quokka (D:4)
  33 fungi
  114 plants
  2 withered plants (Lair:5)
153 creatures vanquished.

Grand Total: 1099 creatures vanquished

Notes
Turn   | Place    | Note
-------+----------+-------------------------------------------
     0 | D:1      | Helmschank the Minotaur Fighter began the quest for the
                  | Orb.
     0 | D:1      | Reached XP level 1. HP: 19/19 MP: 0/0
    85 | D:1      | Reached skill level 3 in Maces & Flails
    93 | D:1      | Reached XP level 2. HP: 23/26 MP: 1/1
   348 | D:1      | Reached skill level 4 in Maces & Flails
   748 | D:1      | Found a glowing golden altar of the Shining One.
   793 | D:2      | Reached XP level 3. HP: 33/33 MP: 2/2
  1732 | D:3      | Reached skill level 1 in Throwing
  1752 | D:3      | Reached XP level 4. HP: 18/40 MP: 3/3
  2046 | D:3      | Reached skill level 1 in Dodging
  2488 | D:2      | Reached XP level 5. HP: 39/46 MP: 4/4
  2584 | D:3      | Reached skill level 5 in Maces & Flails
  3107 | D:4      | Reached skill level 6 in Maces & Flails
  3122 | D:4      | Reached XP level 6. HP: 37/52 MP: 5/5
  3283 | D:4      | Reached skill level 5 in Fighting
  3298 | D:4      | Found a radiant altar of Vehumet.
  3350 | D:4      | Found a white marble altar of Elyvilon.
  3446 | D:4      | Found Ricoov's Gadget Shop.
  3455 | D:4      | Bought a wand of flame (16) for 90 gold pieces
  3456 | D:4      | Found Legh's Magic Scroll Emporium.
  3470 | D:4      | Bought a scroll of identify for 20 gold pieces
  3650 | D:4      | Found Isocvol's Food Shoppe.
  3677 | D:4      | Reached XP level 7. HP: 38/61 MP: 6/6
  3985 | D:4      | Reached skill level 5 in Armour
  4085 | D:5      | Entered Level 5 of the Dungeon
  4093 | D:5      | Found a stormy altar of Qazlal.
  4101 | D:5      | Found a sacrificial altar of Ru.
  4113 | D:5      | Found a shimmering altar of Xom.
  4146 | D:5      | Reached skill level 5 in Shields
  4557 | D:5      | Reached skill level 7 in Maces & Flails
  4864 | D:5      | Reached skill level 8 in Maces & Flails
  4864 | D:5      | Reached XP level 8. HP: 17/69 MP: 7/7
  4897 | D:5      | HP: 2/69 [hound (4)]
  5305 | D:5      | Found Bopegiyx's Book Shoppe.
  5541 | D:5      | Found a blossoming altar of Fedhas.
  5692 | D:5      | Found a glowing golden altar of the Shining One.
  5700 | D:5      | Became a worshipper of the Shining One
  5982 | D:6      | Found a glowing silver altar of Zin.
  6179 | D:6      | Reached skill level 5 in Dodging
  6227 | D:6      | Reached * piety under the Shining One
  6227 | D:6      | Reached skill level 1 in Invocations
  6269 | D:6      | Got a smoking whip
  6356 | D:6      | You fall into a shaft and drop 1 floor!
  6711 | D:7      | Found a staircase to the Ecumenical Temple.
  6723 | Temple   | Entered the Ecumenical Temple
  7117 | D:7      | Noticed a hornet
  7123 | D:7      | Killed a hornet
  7123 | D:7      | Reached skill level 9 in Maces & Flails
  7123 | D:7      | Reached XP level 9. HP: 56/75 MP: 9/9
  7443 | D:7      | Found an iron altar of Okawaru.
  7566 | D:7      | Found a transporter.
  7576 | D:7      | Found a transporter.
  7576 | D:7      | Noticed howech's ghost (novice TrBe)
  7577 | D:7      | Identified the cursed +1 dire flail of the Saving Eel
                  | {pain, rPois Str+2}
  7577 | D:7      | Identified the +8 dire flail of Xom's Castigation {distort,
                  | rN+ MR+ Dex+3}
  7577 | D:7      | Noticed a two-headed ogre
  7979 | D:7      | Reached skill level 10 in Maces & Flails
  8298 | D:8      | Found a bloodstained altar of Trog.
  8399 | D:8      | Found a staircase to the Lair.
  8399 | D:8      | Found a sacrificial altar of Ru.
  8441 | D:8      | Found a snail-covered altar of Cheibriados.
  8441 | D:8      | Found an opulent altar of Gozag.
  8441 | D:8      | Found a burning altar of Makhleb.
  8561 | D:8      | Reached ** piety under the Shining One
  9540 | D:9      | Reached XP level 10. HP: 81/88 MP: 10/10
  9646 | D:9      | Found a glowing golden altar of the Shining One.
  9835 | D:9      | Noticed Joseph
  9858 | D:9      | Killed Joseph
 10166 | D:9      | Reached skill level 11 in Maces & Flails
 10479 | Lair:1   | Entered Level 1 of the Lair of Beasts
 10480 | Lair:1   | Noticed a black mamba
 10503 | D:8      | Killed a black mamba
 10667 | Lair:1   | Reached skill level 12 in Maces & Flails
 10699 | Lair:1   | Noticed a black mamba
 10723 | Lair:1   | Killed a black mamba
 10820 | Lair:1   | Noticed a seven-headed hydra
 10827 | Lair:1   | Killed a seven-headed hydra
 11103 | Lair:1   | Found a runed translucent gate.
 11103 | Lair:1   | Found a runed translucent gate.
 11104 | Lair:1   | Found a runed translucent gate.
 11105 | Lair:1   | Noticed Kaece's ghost (novice TeFE)
 11105 | Lair:1   | Noticed Olid's ghost (journeyman DrCj)
 11106 | Lair:1   | Noticed Noni Ullai's ghost (journeyman GnWr)
 11106 | Lair:1   | Noticed Olid's ghost (journeyman DrCj)
 11106 | Lair:1   | Noticed barney's ghost (journeyman DrTm)
 11313 | Lair:1   | Reached *** piety under the Shining One
 11721 | Lair:2   | Noticed an elephant
 11723 | Lair:2   | Noticed an elephant
 11723 | Lair:2   | Noticed an elephant
 11737 | Lair:1   | Killed an elephant
 11737 | Lair:1   | Reached XP level 11. HP: 96/97 MP: 13/13
 11798 | Lair:2   | Reached skill level 5 in Throwing
 11846 | Lair:2   | Noticed Fannar
 11876 | Lair:2   | Killed Fannar
 11876 | Lair:2   | Reached skill level 5 in Invocations
 12136 | Lair:2   | Found a hole to the Spider Nest.
 12448 | Lair:2   | Reached skill level 1 in Evocations
 12868 | Lair:3   | Identified a scroll of acquirement
 12869 | Lair:3   | Got the ring "Hyisocva" {rPois Str+10 Int+4 Dex+4}
 13057 | Lair:3   | Noticed a seven-headed hydra
 13065 | Lair:3   | Killed a seven-headed hydra
 13065 | Lair:3   | Reached skill level 13 in Maces & Flails
 13984 | Lair:4   | Reached skill level 14 in Maces & Flails
 14051 | Lair:4   | Reached skill level 10 in Fighting
 14051 | Lair:4   | Reached XP level 12. HP: 73/106 MP: 15/15
 14303 | Lair:4   | Found a runed translucent gate.
 14318 | Lair:4   | Found a runed translucent gate.
 14320 | Lair:4   | Found a runed translucent gate.
 14394 | Lair:4   | Noticed a death ooze
 14417 | Lair:4   | Noticed Murgh's ghost (journeyman MiBe)
 14420 | Lair:4   | Found a viscous altar of Jiyva.
 14672 | Lair:4   | Reached **** piety under the Shining One
 14912 | Lair:4   | Got a translucent battleaxe
 15090 | Lair:4   | Found a staircase to the Shoals.
 15479 | Lair:5   | Identified the +0 whip "Koheykh" {freeze, +Rage rC+ MR+}
                  | (You found it on level 6 of the Dungeon)
 15620 | Lair:5   | Found a staircase to the Slime Pits.
 15758 | Lair:5   | Noticed a seven-headed hydra
 15771 | Lair:5   | Killed a seven-headed hydra
 15776 | Lair:5   | Noticed a death yak
 15796 | Lair:5   | Killed a death yak
 16033 | Lair:5   | Found a runed translucent door.
 16036 | Lair:5   | Noticed Myro's ghost (journeyman HOFi)
 16070 | Lair:5   | Reached skill level 15 in Maces & Flails
 16334 | Lair:5   | Reached XP level 13. HP: 113/113 MP: 18/18
 16704 | Lair:5   | Got a fine leather armour
 16719 | Lair:5   | Identified the cursed +0 leather armour "Esmi Pub" {*Drain
                  | rC+ MR+} (You found it on level 5 of the Lair of Beasts)
 16946 | Lair:6   | Entered Level 6 of the Lair of Beasts
 17040 | Lair:6   | Reached skill level 16 in Maces & Flails
 17240 | Lair:6   | Reached skill level 10 in Armour
 17336 | Lair:6   | Reached skill level 10 in Shields
 17550 | Lair:6   | Reached ***** piety under the Shining One
 18422 | Lair:6   | Reached XP level 14. HP: 124/124 MP: 20/20
 18494 | Lair:6   | Reached skill level 10 in Invocations
 19200 | D:10     | Entered Level 10 of the Dungeon
 21059 | D:12     | Found a staircase to the Orcish Mines.
 21419 | D:12     | Noticed Azrael
 21419 | D:12     | You fall into a shaft and drop 1 floor!
 21666 | D:13     | Reached skill level 10 in Dodging
 21704 | D:13     | Reached ****** piety under the Shining One
 22058 | D:13     | Noticed Frances
 22074 | D:13     | Noticed Rupert
 22076 | D:13     | Killed Frances
 22102 | D:13     | Killed Rupert
 22746 | Orc:1    | Entered Level 1 of the Orcish Mines
 22783 | Orc:1    | Found a frozen archway.
 22932 | IceCv    | Entered an ice cave
 23201 | IceCv    | Reached XP level 15. HP: 122/132 MP: 22/22
 23264 | IceCv    | Found an ancient bone altar of Kikubaaqudgha.
 23809 | Orc:1    | Found Haohou Esagg's General Store.
 24024 | Orc:1    | You fall into a shaft and drop 1 floor!
 24024 | Orc:2    | Entered Level 2 of the Orcish Mines
 24031 | Orc:2    | Noticed an orc warlord
 24032 | Orc:2    | Found Bupsug's Antique Weapon Shoppe.
 24040 | Orc:1    | Reached skill level 5 in Evocations
 24088 | Orc:1    | Found a roughly hewn altar of Beogh.
 24140 | Orc:1    | Found a runed translucent door.
 24141 | Orc:1    | Found a shimmering altar of Xom.
 24141 | Orc:1    | Noticed Dootley's ghost (journeyman FoFi)
 24768 | Orc:2    | Found Numneode's Antique Armour Emporium.
 25153 | Orc:2    | Killed an orc warlord
 25405 | Orc:2    | Found a staircase to the Elven Halls.
 25408 | Orc:2    | Found Fonia's Jewellery Shoppe.
 25807 | Orc:2    | Found Plog's General Store.
 26191 | D:12     | Killed Azrael
 27129 | D:14     | Found a gate to the Vaults.
 27169 | D:14     | Found a shimmering altar of Xom.
 27587 | D:15     | Entered Level 15 of the Dungeon
 27628 | D:15     | Identified the +3 leather armour of Polish {+Inv} (You
                  | found it on level 15 of the Dungeon)
 28356 | D:15     | Reached XP level 16. HP: 133/143 MP: 24/24
 28395 | D:15     | Found a staircase to the Depths.
 29125 | Spider:1 | Entered Level 1 of the Spider Nest
 29312 | Spider:1 | HP: 1/143 [wolf spider (19)]
 29312 | Spider:1 | Slain by a redback

Illustrated notes

Levels and vault maps discovered:
D:1:      dpeg_arrival_lava_altar, layout_basic, nrook_mini_vaults,
          wad_floor_pattern_untrapped
D:2:      kennysheep_big_flooded_room, layout_loops_ring, first_ration
D:3:      layout_rooms
D:4:      layout_basic, elyvilon_altar_4, lemuel_crystal_altar, serial_shops,
          shop, shop_fountains, kennysheep_mini_moat
D:5:      layout_basic, old_standard_altar, grunt_qazlal_clouds,
          xom_confusion_cloud, serial_shops, nicolae_shop_crystal, basic_altar,
          nicolae_tso_swordbearing_angel
D:6:      wander_river, layout_rooms, old_standard_altar, nrook_uturn,
          minmay_misc_feat_iff
D:7:      layout_basic, okawaru_metal_pillars_1_2, temple_doors_cd,
          gammafunk_ghost_smash
D:8:      layout_gridville, nicolae_ru_awakened_eye, kennysheep_little_box,
          chequers_temple_overflow_statue_of_worship, lair_entry_dummy,
          hangedman_little_slice_of_home
D:9:      layout_irregular_city, nicolae_overflow_crystal_walls,
          small_statue_intersection, uniq_joseph
D:10:     layout_basic, special_room [special_room_orc]
D:11:     layout_rooms
D:12:     layout_cave_pods, zombieorc2_lemuel, hangedman_decor_riveting,
          uniq_azrael
D:13:     layout_irregular_city, uniq_frances, uniq_rupert
D:14:     layout_roguey, ximxim_vaults_locker_room,
          chequers_serial_rivers_micro_c, basic_altar
D:15:     grunt_enter_depths_magical_seal, layout_basic, grunt_decor_clamped,
          minivault_15
Temple:   compressed_dpeg_triangle_lava_temple
Lair:1:   layout_cave_pods, gammafunk_ghost_cemetery, serial_bayou_shore_b
Lair:2:   layout_loops_ring, spider_nest_entry_a, grunt_megastairs_3,
          uniq_fannar
Lair:3:   layout_cave_pods
Lair:4:   minmay_lair_venomous_thicket, layout_hall_layers,
          minmay_shoals_entry_centaurs, gammafunk_ghost_ooze
Lair:5:   layout_cave_pods, minmay_slime_entry_oklob_open, gammafunk_ghost_grave
Lair:6:   minmay_lair_end_frog_pond, layout_regular_city, grunt_megastairs_2,
          lemuel_fruit_fields
Spider:1: layout_spider_delve, guppyfry_spider_mini_1
Orc:1:    lemuel_ogre_cave, layout_diamond_mine, ebering_ghost_xom,
          portal_ice_cave_entry_ice_beasts, serial_shops, shop,
          nicolae_orc_pool_cavern, mines1_david
Orc:2:    grunt_orc_gardens, layout_caves, grunt_orc_garden, grunt_orc_garden,
          grunt_orc_garden, grunt_orc_garden

Skill      XL: |  1  2  3  4  5  6  7  8  9 10 11 12 13 14 15 16 |
---------------+-------------------------------------------------+-----
Maces & Flails | 3 4 6 8 9 10 12 14 15 16 | 16.0
Fighting       | 4 5 6 8 9 10 11 12 13 | 13.0
Armour         | 4 5 6 7 8 9 10 11 12 | 12.0
Shields        | 4 5 6 7 8 9 10 11 12 | 12.0
Throwing       | 2 3 4 5 6 7 8 9 |  9.0
Dodging        | 2 4 5 6 7 8 9 10 11 | 11.0
Invocations    | 2 4 6 8 9 11 12 13 | 13.6
Evocations     | 2 3 4 5 |  5.0

Action                   |  1- 3 |  4- 6 |  7- 9 | 10-12 | 13-15 | 16-18 || total
-------------------------+-------+-------+-------+-------+-------+-------++-------
Melee: Flail             |    99 |   138 |       |       |       |       ||   237
       Headbutt          |    15 |    21 |    88 |   178 |   575 |    20 ||   897
       Whip              |       |    13 |   485 |   310 |  1570 |    52 ||  2430
       Morningstar       |       |       |       |   288 |    18 |       ||   306
Throw: Stone             |     4 |       |       |   250 |   847 |    24 ||  1125
       Boomerang         |    19 |    38 |    93 |     3 |       |       ||   153
       Dart              |       |       |    77 |    94 |    36 |       ||   207
Invok: Divine Shield     |       |       |       |     1 |     1 |       ||     2
       Cleansing Flame   |       |       |       |       |    10 |     3 ||    13
 Abil: Evoke Flight      |       |       |       |       |     1 |     1 ||     2
Evoke: Wand              |       |       |       |     8 |     8 |       ||    16
       Tin of tremorston |       |       |       |       |     1 |       ||     1
  Use: Scroll            |     4 |     3 |    10 |     8 |     4 |       ||    29
       Potion            |       |     3 |     2 |     4 |     1 |     4 ||    14
  Eat: Chunk             |     3 |     3 |    17 |    18 |    33 |     1 ||    75
       Ration            |       |     1 |     2 |     1 |     2 |     1 ||     7
Armor: Scale mail        |    19 |       |       |       |     5 |    46 ||    70
       Leather armour    |     7 |    30 |    67 |    44 |    53 |       ||   201
       Skin              |       |    12 |       |       |       |       ||    12
Dodge: Dodged            |    34 |    51 |   116 |   151 |   304 |   101 ||   757
Block: Kite shield       |    49 |   110 |   238 |   354 |   703 |    84 ||  1538
